TL
MEMPHIS BLUES @ ROUND ROCK EXPRESS
06/20/1982
 
TOP OF THE 1ST
Memphis Blues batting - Pitching for Round Rock Express : LHP Bill Krueger
Pitching: LHP Bill Krueger
Batting: RHB Mariano Duncan 0-0: Ball
1-0: Ball
2-0: Ball
3-0: Base on Balls
Batting: LHB John Robbins 0-0: Ball
1-0: Foul Ball, location: 2F
1-1: Fly out, F8 (Flyball, 8LD, EV 91.3 MPH)
Batting: LHB David Christianson 0-0: Ball
1-0: Called Strike
1-1: Ball
2-1: Ball
3-1: Base on Balls
Mariano Duncan to second
Batting: RHB Chris James 0-0: Ball
1-0: Foul Ball, location: 2F
1-1: Ball
2-1: Fly out, F9 (Flyball, 9, EV 91.3 MPH)
Batting: RHB Randy Filkins 0-0: Ball
1-0: Ball
2-0: Ball
3-0: Base on Balls
Mariano Duncan to third
David Christianson to second
Batting: RHB Augustine Garrett 0-0: Swinging Strike
0-1: Foul Ball, location: 2F
0-2: Ball
1-2: Ball
2-2: Strikes out looking
Top of the 1st over - 0 runs, 0 hits, 0 errors, 3 left on base; Memphis 0 - Round Rock 0
BOTTOM OF THE 1ST
Round Rock Express batting - Pitching for Memphis Blues : LHP Chris Reyes
Pitching: LHP Chris Reyes
Batting: LHB Steve Lyons 0-0: Ground out 6-3 (Groundball, 6S, EV 83.8 MPH)
Batting: RHB George Gross 0-0: Foul Ball, location: 2F
0-1: Fly out, F4 (Popup, 4D, EV 57.5 MPH)
Batting: LHB Al Chambers 0-0: Called Strike
0-1: Ball
1-1: DOUBLE (Line Drive, 78D, EV 103.8 MPH)
Batting: RHB Alejandro Sanchez 0-0: Ball
1-0: Foul Ball, location: 2F
1-1: Foul Ball, location: 2F
1-2: Ground out 4-3 (Groundball, 4M, EV 79.4 MPH)
Bottom of the 1st over - 0 runs, 1 hit, 0 errors, 1 left on base; Memphis 0 - Round Rock 0
TOP OF THE 2ND
Memphis Blues batting - Pitching for Round Rock Express : LHP Bill Krueger
Batting: RHB Bradley Shames 0-0: Ball
1-0: Foul Ball, location: 2F
1-1: Swinging Strike
1-2: Foul Ball, location: 2F
1-2: Ball
2-2: Ball
3-2: Fly out, F9 (Flyball, 9LM, EV 95.6 MPH)
Batting: LHB Don Jacoby 0-0: Ball
1-0: Ball
2-0: Foul Ball, location: 2F
2-1: Ball
3-1: Ground out U3 (Groundball, 3, EV 81.9 MPH)
Batting: RHB William Muth 0-0: Ball
1-0: Ball
2-0: Fly out, F9 (Flyball, 89S, EV 83.8 MPH)
Top of the 2nd over - 0 runs, 0 hits, 0 errors, 0 left on base; Memphis 0 - Round Rock 0
BOTTOM OF THE 2ND
Round Rock Express batting - Pitching for Memphis Blues : LHP Chris Reyes
Batting: RHB Gerald Miller 0-0: Ball
1-0: Foul Ball, location: 2F
1-1: Foul Ball, location: 2F
1-2: Ball
2-2: Foul Ball, location: 2F
2-2: Ball
3-2: Base on Balls
Batting: RHB Martyn Maxwell 0-0: Called Strike
0-1: Foul Ball, location: 2F
0-2: Ball
1-2: Strikes out swinging
Batting: LHB Luis Armijo 0-0: Called Strike
0-1: Fly out, F3 (Popup, 3S, EV 68.8 MPH)
Batting: LHB William Sobbe 0-0: Ball
Gerald Miller is caught stealing 2nd base 2-6
Bottom of the 2nd over - 0 runs, 0 hits, 0 errors, 0 left on base; Memphis 0 - Round Rock 0
TOP OF THE 3RD
Memphis Blues batting - Pitching for Round Rock Express : LHP Bill Krueger
Batting: RHB Mariano Duncan 0-0: Ball
1-0: Ball
2-0: Foul Ball, location: 2F
2-1: Foul Ball, location: 2F
2-2: Foul Ball, location: 2F
2-2: Strikes out swinging
Batting: LHB John Robbins 0-0: Ball
1-0: Foul Ball, location: 2F
1-1: Foul Ball, location: 2F
1-2: Ball
2-2: Ball
3-2: Fly out, F9 (Line Drive, 9, EV 88.8 MPH)
Batting: LHB David Christianson 0-0: Ball
1-0: Foul Ball, location: 2F
1-1: Called Strike
1-2: DOUBLE (Flyball, 8LXD, EV 90.6 MPH)
Batting: RHB Chris James 0-0: Fly out, F8 (Line Drive, 8LM, EV 93.8 MPH)
Top of the 3rd over - 0 runs, 1 hit, 0 errors, 1 left on base; Memphis 0 - Round Rock 0
BOTTOM OF THE 3RD
Round Rock Express batting - Pitching for Memphis Blues : LHP Chris Reyes
Batting: LHB William Sobbe 0-0: Ball
1-0: Ball
2-0: Foul Ball, location: 2F
2-1: Swinging Strike
2-2: Fly out, F7 (Flyball, 7LM, EV 97.5 MPH)
Batting: RHB George Ramos 0-0: SOLO HOME RUN (Flyball, 78XD, EV 87.5 MPH), Distance : 417 ft
Batting: LHB Steve Lyons 0-0: Called Strike
0-1: Swinging Strike
0-2: Ball
1-2: Fly out, F9 (Line Drive, 9D, EV 91.3 MPH)
Batting: RHB George Gross 0-0: Ball
1-0: Called Strike
1-1: Ball
2-1: Ball
3-1: DOUBLE (Line Drive, 5D, EV 94.4 MPH)
Batting: LHB Al Chambers 0-0: Called Strike
0-1: Called Strike
0-2: Foul Ball, location: 2F
0-2: Fly out, F9 (Flyball, 89M, EV 89.4 MPH)
Bottom of the 3rd over - 1 run, 2 hits, 0 errors, 1 left on base; Memphis 0 - Round Rock 1
TOP OF THE 4TH
Memphis Blues batting - Pitching for Round Rock Express : LHP Bill Krueger
Batting: RHB Randy Filkins 0-0: Called Strike
0-1: Ball
1-1: Called Strike
1-2: Foul Ball, location: 2F
1-2: Strikes out swinging
Batting: RHB Augustine Garrett 0-0: Called Strike
0-1: Ball
1-1: Ball
2-1: Foul Ball, location: 2F
2-2: Ground out 6-3 (Groundball, 6, EV 90.6 MPH)
Batting: RHB Bradley Shames 0-0: Swinging Strike
0-1: Ball
1-1: Foul Ball, location: 2F
1-2: Foul Ball, location: 2F
1-2: Ground out 6-3 (Groundball, 6, EV 91.3 MPH)
Top of the 4th over - 0 runs, 0 hits, 0 errors, 0 left on base; Memphis 0 - Round Rock 1
BOTTOM OF THE 4TH
Round Rock Express batting - Pitching for Memphis Blues : LHP Chris Reyes
Pitching: RHP Anthony Threatt
Batting: RHB Alejandro Sanchez 0-0: Called Strike
0-1: Swinging Strike
0-2: Strikes out swinging
Batting: RHB Gerald Miller 0-0: Ball
1-0: Fly out, F6 (Popup, 4MD, EV 51.9 MPH)
Batting: RHB Martyn Maxwell 0-0: Ball
1-0: Ground out 6-3 (Groundball, 6, EV 81.9 MPH)
Bottom of the 4th over - 0 runs, 0 hits, 0 errors, 0 left on base; Memphis 0 - Round Rock 1
TOP OF THE 5TH
Memphis Blues batting - Pitching for Round Rock Express : LHP Bill Krueger
Batting: LHB Don Jacoby 0-0: Ball
1-0: Fly out, F6 (Line Drive, 6, EV 70.0 MPH)
Batting: RHB William Muth 0-0: Ball
1-0: Ball
2-0: Ball
3-0: Base on Balls
Batting: RHB Mariano Duncan 0-0: Ball
1-0: Fly out, F2 (Popup, 2RF, EV 84.4 MPH)
Batting: LHB John Robbins 0-0: Ball
1-0: Fly out, F9 (Flyball, 9D, EV 101.3 MPH)
Top of the 5th over - 0 runs, 0 hits, 0 errors, 1 left on base; Memphis 0 - Round Rock 1
BOTTOM OF THE 5TH
Round Rock Express batting - Pitching for Memphis Blues : RHP Anthony Threatt
Batting: LHB Luis Armijo 0-0: Ball
1-0: Ground out 6-3 (Groundball, 6M, EV 88.8 MPH)
Batting: LHB William Sobbe 0-0: Swinging Strike
0-1: Called Strike
0-2: Ball
1-2: Strikes out swinging
Batting: RHB George Ramos 0-0: Foul Ball, location: 2F
0-1: Called Strike
0-2: Strikes out looking
Bottom of the 5th over - 0 runs, 0 hits, 0 errors, 0 left on base; Memphis 0 - Round Rock 1
TOP OF THE 6TH
Memphis Blues batting - Pitching for Round Rock Express : LHP Bill Krueger
Batting: LHB David Christianson 0-0: Ball
1-0: Swinging Strike
1-1: Foul Ball, location: 2F
1-2: Fly out, F8 (Flyball, 78M, EV 88.1 MPH)
Batting: RHB Chris James 0-0: Fly out, F3 (Line Drive, 3, EV 64.4 MPH)
Batting: RHB Randy Filkins 0-0: Ball
1-0: Called Strike
1-1: Swinging Strike
1-2: Strikes out looking
Top of the 6th over - 0 runs, 0 hits, 0 errors, 0 left on base; Memphis 0 - Round Rock 1
BOTTOM OF THE 6TH
Round Rock Express batting - Pitching for Memphis Blues : RHP Anthony Threatt
Batting: LHB Steve Lyons 0-0: Called Strike
0-1: Swinging Strike
0-2: Ball
1-2: Ball
2-2: Ball
3-2: Strikes out swinging
Batting: RHB George Gross 0-0: Called Strike
0-1: Ground out 6-3 (Groundball, 6, EV 83.8 MPH)
Batting: LHB Al Chambers 0-0: Ball
1-0: Called Strike
1-1: Foul Ball, location: 2F
1-2: Ball
2-2: Strikes out swinging
Bottom of the 6th over - 0 runs, 0 hits, 0 errors, 0 left on base; Memphis 0 - Round Rock 1
TOP OF THE 7TH
Memphis Blues batting - Pitching for Round Rock Express : LHP Bill Krueger
Batting: RHB Augustine Garrett 0-0: Ball
1-0: Called Strike
1-1: Fly out, F7 (Line Drive, 7, EV 93.1 MPH)
Batting: RHB Bradley Shames 0-0: Foul Ball, location: 2F
0-1: Ball
1-1: Ball
2-1: Ball
3-1: Ground out 6-3 (Groundball, 6, EV 108.1 MPH)
Batting: LHB Don Jacoby 0-0: Foul Ball, location: 2F
0-1: Ball
1-1: Called Strike
1-2: Strikes out swinging
Top of the 7th over - 0 runs, 0 hits, 0 errors, 0 left on base; Memphis 0 - Round Rock 1
BOTTOM OF THE 7TH
Round Rock Express batting - Pitching for Memphis Blues : RHP Anthony Threatt
Batting: RHB Alejandro Sanchez 0-0: Called Strike
0-1: Ball
1-1: Swinging Strike
1-2: Fly out, F8 (Flyball, 78D, EV 103.8 MPH)
Pitching: RHP William Purdy
Batting: RHB Gerald Miller 0-0: Ball
1-0: Called Strike
1-1: Foul Ball, location: 2F
1-2: Ball
2-2: Ball
3-2: Strikes out looking
Batting: RHB Martyn Maxwell 0-0: SINGLE (Groundball, 5D, EV 101.9 MPH)
Batting: LHB Luis Armijo 0-0: Ball
1-0: Ball
2-0: Fielders Choice at 2nd, 6-4 (Groundball, 6, EV 82.5 MPH)
Bottom of the 7th over - 0 runs, 1 hit, 0 errors, 1 left on base; Memphis 0 - Round Rock 1
TOP OF THE 8TH
Memphis Blues batting - Pitching for Round Rock Express : LHP Bill Krueger
Batting: RHB William Muth 0-0: Called Strike
0-1: SINGLE (Groundball, 56, EV 83.8 MPH) (infield hit)
Batting: RHB Mariano Duncan 0-0: Swinging Strike
0-1: Ball
1-1: SINGLE (Groundball, 56D, EV 103.8 MPH)
William Muth to second
Batting: RHB Dave Penniall 0-0: Foul Ball, location: 2F
0-1: Fielders Choice at 2nd, 5-4 (Groundball, 56, EV 108.1 MPH)
William Muth to third
Batting: LHB David Christianson 0-0: Called Strike
0-1: Ball
1-1: Foul Ball, location: 2F
1-2: Ball
2-2: Ball
3-2: Foul Ball, location: 2F
3-2: Base on Balls
Dave Penniall to second
Batting: RHB Chris James 0-0: GRAND SLAM HOME RUN (Flyball, 7LD, EV 95.6 MPH), Distance : 358 ft
Batting: RHB Randy Filkins 0-0: Ball
1-0: Called Strike
1-1: Ground out 6-3 (Groundball, 6, EV 83.1 MPH)
Batting: RHB Augustine Garrett 0-0: Ball
1-0: Foul Ball, location: 2F
1-1: Called Strike
1-2: Ball
2-2: Strikes out swinging
Top of the 8th over - 4 runs, 3 hits, 0 errors, 0 left on base; Memphis 4 - Round Rock 1
BOTTOM OF THE 8TH
Round Rock Express batting - Pitching for Memphis Blues : RHP William Purdy
Batting: LHB William Sobbe 0-0: Ball
1-0: Ball
2-0: Called Strike
2-1: Ground out U3 (Groundball, 3L, EV 83.1 MPH)
Batting: RHB George Ramos 0-0: Called Strike
0-1: Ball
1-1: Foul Ball, location: 2F
1-2: Strikes out swinging
Batting: LHB Steve Lyons 0-0: Ball
1-0: Ball
2-0: Foul Ball, location: 2F
2-1: Foul Ball, location: 2F
2-2: Ball
3-2: Base on Balls
Batting: RHB George Gross 0-0: Ball
1-0: Fly out, F9 (Flyball, 9, EV 78.1 MPH)
Bottom of the 8th over - 0 runs, 0 hits, 0 errors, 1 left on base; Memphis 4 - Round Rock 1
TOP OF THE 9TH
Memphis Blues batting - Pitching for Round Rock Express : LHP Bill Krueger
Batting: RHB Bradley Shames 0-0: Swinging Strike
0-1: Called Strike
0-2: Strikes out looking
Batting: LHB Don Jacoby 0-0: Swinging Strike
0-1: Ball
1-1: Fly out, F8 (Flyball, 8RM, EV 86.3 MPH)
Batting: RHB William Muth 0-0: Ball
1-0: Called Strike
1-1: SINGLE (Groundball, 56, EV 97.5 MPH)
Batting: RHB Mariano Duncan 0-0: Ball
1-0: SINGLE (Groundball, 6M, EV 103.8 MPH) (infield hit)
William Muth to second
Batting: RHB Dave Penniall 0-0: Ball
1-0: Ball
2-0: Ground out 4-3 (Groundball, 4M, EV 99.4 MPH)
Top of the 9th over - 0 runs, 2 hits, 0 errors, 2 left on base; Memphis 4 - Round Rock 1
BOTTOM OF THE 9TH
Round Rock Express batting - Pitching for Memphis Blues : RHP William Purdy
Batting: LHB Al Chambers 0-0: Called Strike
0-1: Ball
1-1: Foul Ball, location: 2F
1-2: Strikes out swinging
Batting: RHB Alejandro Sanchez 0-0: Fly out, F8 (Flyball, 8RXD, EV 89.4 MPH)
Batting: RHB Gerald Miller 0-0: Called Strike
0-1: Called Strike
0-2: Ball
1-2: Ball
2-2: Strikes out swinging
Bottom of the 9th over - 0 runs, 0 hits, 0 errors, 0 left on base; Memphis 4 - Round Rock 1
Monday, August 10th, 2020 - OOTP Baseball 21.5 Build 76